 Dungeon Crawl Stone Soup version 0.25-a0-665-ga69d640 (webtiles) character file.

Game seed: 15079839339523821412, levelgen mode: deterministic

119847 BlueFish the Wrestler (level 16, -19/156 HPs)
             Began as a Troll Monk on Mar 26, 2020.
             Was the Champion of Wu Jian.
             Killed from afar by Nikola (22 damage)
             ... with a chain lightning
             ... on level 1 of the Shoals.
             The game lasted 01:13:42 (22172 turns).

BlueFish the Wrestler (Troll Monk)                 Turns: 22172, Time: 01:13:42

Health: -19/156    AC: 32    Str: 26 (27) XL:     16   Next: 28%
Magic:  13/13      EV: 13    Int:  6      God:    Wu Jian [******]
Gold:   1764       SH:  3    Dex: 12 (13) Spells: 15/15 levels left

rFire    + . .     SeeInvis .     - Unarmed
rCold    + . .     Gourm    +   (no shield)
rNeg     . . .     Faith    .   k - +9 scales of the Dragon King {rPois rF+ rC+ MR+}
rPois    +         Spirit   .   q - +2 hat
rElec    .         Reflect  +   N - +0 cloak of Past Mistakes {rPois}
rCorr    .         Harm     .   (gloves unavailable)
MR       +++..                  (boots unavailable)
Stlth    ..........             p - +3 amulet of reflection
HPRegen  0.76/turn              X - ring of Phasing {EV+8}
MPRegen  0.13/turn              x - ring of protection from magic

@: no status effects
A: large, unfitting armour, claws 3, deterioration 1, fast metabolism 3,
gourmand, low mp 1, regeneration 1, shaggy fur 1, tough skin 3
a: Wall Jump, Serpent's Lash, Heavenly Storm, Renounce Religion


You were on level 1 of the Shoals.
You worshipped Wu Jian.
Wu Jian was exalted by your worship.
You were very full.

You visited 4 branches of the dungeon, and saw 24 of its levels.
You visited the Abyss 1 time.
You also visited: Ice Cave.

You collected 2721 gold pieces.
You spent 957 gold pieces at shops.

Inventory:

Missiles
 f - a boomerang of dispersal
 j - 19 large rocks (quivered)
 t - 12 datura-tipped darts
 u - 19 curare-tipped darts
 B - 41 boomerangs
 R - 14 silver boomerangs
Armour
 i - the +2 ice dragon scales "Pueq" {rF- rC++ Int+4 Dex+8 Slay+2}
   (You found it in an ice cave)

   It affects your intelligence (+4).
   It affects your dexterity (+8).
   It affects your accuracy and damage with ranged weapons and melee attacks
   (+2).
   It makes you vulnerable to fire.
   It greatly protects you from cold.
 k - the +9 scales of the Dragon King (worn) {rPois rF+ rC+ MR+}
   (You found it in an ice cave)

   It protects you from fire.
   It protects you from cold.
   It protects you from poison.
   It affects your resistance to hostile enchantments.
 q - a +2 hat (worn)
 N - the +0 cloak of Past Mistakes (worn) {rPois}
   (You found it on level 1 of the Lair of Beasts)

   It protects you from poison.
Jewellery
 p - a +3 amulet of reflection (around neck)
 x - a ring of protection from magic (right claw)
 E - an uncursed ring of flight
 L - a +4 ring of intelligence
 X - the ring of Phasing (left claw) {EV+8}
   (You found it on level 6 of the Lair of Beasts)

   [ring of evasion]

   It affects your evasion (+8).
Wands
 e - a wand of clouds (6)
 y - a wand of flame (34)
 F - a wand of digging (7)
 G - a wand of polymorph (26)
 J - a wand of paralysis (11)
 Q - a wand of disintegration (61)
 Y - a wand of acid (11)
Scrolls
 h - 12 scrolls of remove curse
 l - 2 scrolls of blinking
 m - 7 scrolls of enchant armour
 w - a scroll of immolation
 A - 3 scrolls of fear
 H - 3 scrolls of fog
 K - 9 scrolls of teleportation
 M - 8 scrolls of amnesia
 P - a scroll of silence
 T - 2 scrolls of magic mapping
Potions
 a - a potion of flight
 c - 14 potions of curing
 d - 2 potions of resistance
 g - 5 potions of brilliance
 n - 4 potions of lignification
 o - 6 potions of stabbing
 r - a potion of ambrosia
 v - a potion of cancellation
 D - 4 potions of haste
 I - 2 potions of might
 O - a potion of magic
 U - 3 potions of heal wounds
 W - 2 potions of berserk rage
 Z - 3 potions of degeneration
Miscellaneous
 z - a tin of tremorstones
Comestibles
 b - 47 rations


   Skills:
 * Level 9.0 Fighting
 * Level 8.4 Throwing
 * Level 7.5 Armour
 + Level 5.4 Dodging
 + Level 2.4 Stealth
 * Level 22.0 Unarmed Combat


You had 15 spell levels left.
You didn't know any spells.
Your spell library contained the following spells:

 Spells                   Type           Power        Failure   Level  Hunger
 Beastly Appendage        Tmut           #.....       100%        1    ##.....
 Corona                   Hex            #......      100%        1    ##.....
 Infusion                 Chrm           #...         100%        1    ##.....
 Magic Dart               Conj           #...         100%        1    ##.....
 Shock                    Conj/Air       #...         100%        1    ##.....
 Sting                    Tmut/Pois      #...         100%        1    ##.....
 Blink                    Tloc           N/A          100%        2    ###....
 Call Imp                 Summ           #.......     100%        2    ###....
 Ensorcelled Hibernation  Hex/Ice        #.....       100%        2    ###....
 Poisonous Vapours        Pois/Air       #.....       100%        2    ###....
 Searing Ray              Conj           #.....       100%        2    ###....
 Shroud of Golubria       Chrm/Tloc      #.....       100%        2    ###....
 Slow                     Hex            #.......     100%        2    ###....
 Song of Slaying          Chrm           #.......     100%        2    ###....
 Sticks to Snakes         Tmut           #.......     100%        2    ###....
 Swiftness                Chrm/Air       #.......     100%        2    ###....
 Confusing Touch          Hex            #.......     100%        3    ####...
 Conjure Flame            Conj/Fire      #.......     100%        3    ####...
 Dazzling Flash           Conj/Hex       #.....       100%        3    ####...
 Ignite Poison            Fire/Tmut/Pois #.......     100%        3    ####...
 Mephitic Cloud           Conj/Pois/Air  #.......     100%        3    ####...
 Ozocubu's Armour         Chrm/Ice       #.......     100%        3    ####...
 Recall                   Summ/Tloc      N/A          100%        3    ####...
 Spectral Weapon          Hex/Chrm       #.......     100%        3    ####...
 Spider Form              Tmut/Pois      #.........   100%        3    ####...
 Static Discharge         Conj/Air       #.......     100%        3    ####...
 Tukima's Dance           Hex            #.......     100%        3    ####...
 Airstrike                Air            #.........   100%        4    #####..
 Animate Dead             Necr           N/A          100%        4    #####..
 Fulminant Prism          Conj/Hex       #.........   100%        4    #####..
 Ice Form                 Ice/Tmut       #.......     100%        4    #####..
 Iskenderun's Mystic Bla  Conj/Tloc      #.......     100%        4    #####..
 Olgreb's Toxic Radiance  Pois           #.......     100%        4    #####..
 Blade Hands              Tmut           #.........   100%        5    ######.
 Borgnjor's Vile Clutch   Necr/Erth      #.........   100%        5    ######.
 Fireball                 Conj/Fire      #.........   100%        5    ######.
 Lightning Bolt           Conj/Air       #.........   100%        5    ######.
 Death Channel            Necr           #.........   100%        6    #######
 Simulacrum               Ice/Necr       #.........   100%        6    #######
 Starburst                Conj/Fire      #.........   100%        6    #######
 Ring of Flames           Chrm/Fire      #.........   100%        7    #######
 Ignition                 Fire           #.........   100%        8    #######


Dungeon Overview and Level Annotations

Branches:
Dungeon (15/15)            Temple (0/1) D:6            Lair (6/6) D:11
 Shoals (1/4) Lair:4       Spider (0/4) Lair:2        Slime (0/5) Lair:5
    Orc (2/2) D:10            Elf (0/3) Orc:2        Vaults (0/5) D:14
 Depths (0/5) D:15          IceCv (visited)

Altars:
Kikubaaqudgha
Ru
Trog
Vehumet
Wu Jian
Beogh
Jiyva

Shops:
D:6 *   D:10 =   Orc:2 }((!:[[?

Annotations:
Lair:5 3 runed translucent doors, Caylo's ghost, journeyman DDFi
Shoals:1 Nikola


Innate Abilities, Weirdness & Mutations

You are too large for most types of armour.
You have claws for hands.
Your metabolism is lightning-fast.
You like to eat raw meat.
Your natural rate of healing is unusually fast.
You are covered in fur. (AC +1)
You have extremely tough skin. (AC +3)
Your body sometimes deteriorates upon taking damage.
Your magical capacity is low. (-10% MP)


Message History

Nikola completely misses you.
You eviscerate Nikola!!!
Nikola is heavily wounded.
You claw Nikola!
Nikola is severely wounded.
Nikola casts a spell.
You hear a mighty clap of thunder!
The lightning arc hits you!!
* * * LOW HITPOINT WARNING * * *
The lightning arc hits the plant!!!
The lightning arc hits the plant!!
The lightning arc hits the plant!!!
The lightning arc hits the plant!
The plant is destroyed!
The lightning arc hits the plant!!
You feel much better.
Nikola gestures wildly while chanting.
You hear a mighty clap of thunder!
The lightning arc hits you!!!
* * * LOW HITPOINT WARNING * * *
The lightning arc hits Nikola!
The lightning arc hits you!!
You die...

......####.≈≈≈≈≈≈≈≈≈≈≈≈....^≈....
...).## #.≈≈≈≈≈≈≈≈≈≈≈≈≈≈..≈≈....
....## #.≈≈≈≈≈≈≈≈≈≈≈≈≈.≈≈≈≈≈...
#...# ##.≈..≈≈≈≈≈≈≈≈≈≈.≈≈≈≈≈≈P≈
#...# #.≈≈...≈≈≈≈≈≈≈...≈≈≈≈≈≈≈≈
....## ##.≈.....≈≈≈≈≈≈.#.≈≈≈...≈≈
.≈...# #........≈≈≈≈≈≈...≈≈≈...P.
≈≈...###..≈......≈≈≈≈≈≈≈≈≈≈≈≈.#..
≈..####....≈..##@≈≈≈≈≈≈..≈≈≈P###.
≈.## #..≈≈≈..##@≈≈≈≈≈≈..≈≈≈≈###.
≈.#####≈≈.≈≈≈)..≈..≈≈..≈P≈≈≈≈....
≈.....≈≈≈≈.≈≈≈≈≈≈≈.≈P≈..≈≈≈≈.≈(..
≈...≈≈^≈≈≈≈≈≈≈≈≈≈≈≈≈≈≈≈≈.≈≈P...≈≈
...≈≈..≈..≈≈≈≈≈≈≈≈≈≈≈≈≈≈≈P≈PP≈≈≈≈
...≈..####..≈≈≈≈P≈P≈PP≈P≈≈P.P.≈≈≈
..≈≈).# #..≈≈≈≈≈≈P≈≈≈≈≈≈PPPP≈...
#≈≈..#####.≈≈≈P≈≈≈≈≈≈≈≈≈PP.PP≈≈.#


You could see Nikola.

Vanquished Creatures
  Kirke (D:13)
  Roxanne (Shoals:1)
  A balrug (Abyss:2)
  An ettin (Orc:2)
  4 ogre magi
  6 hydras
  The ghost of mojowtm the Cleaver, a journeyman CeHu of Okawaru (D:11)
  A merfolk avatar (Shoals:1)
  3 catoblepae (Lair:6)
  A death knight (D:15)
  3 centaur warriors
  5 two-headed ogres
  5 death yaks (Lair:6)
  3 tengu warriors
  The ghost of jejorda2 the Blocker, a novice TrFi (D:7)
  Nergalle (Orc:2)
  The ghost of wicksfield the Grappler, a novice TrWr of Wu Jian (D:7)
  A spatial maelstrom (Abyss:1)
  A sun demon (Abyss:2)
  Sonja (Orc:1)
  2 fire crabs
  A skeletal warrior (D:15)
  The ghost of CanOfBees the Firebug, a novice DsFE of Makhleb (D:7)
  2 sea snakes (Shoals:1)
  4 unseen horrors
  A glowing orange brain (Abyss:2)
  A necromancer (D:15)
  The ghost of Charmandara the Covert, a novice OpEn of Nemelex Xobeh (D:7)
  2 orc knights
  17 ugly things
  3 cyclopes
  5 deep elf magi
  An oklob plant (Lair:1)
  9 orc sorcerers
  4 harpies (Shoals:1)
  A wolf spider zombie (D:13)
  2 black mambas (Lair:6)
  20 elephants
  8 fauns (Shoals:1)
  2 naga magi (D:15)
  A water nymph (Shoals:1)
  5 merfolk sirens (Shoals:1)
  6 manticores
  A gargoyle (D:12)
  4 ice statues
  8 centaur skeletons
  8 spiny frogs
  2 yaktaurs (D:14)
  A demonic crawler (Abyss:2)
  2 freezing wraiths (D:15)
  2 tengu conjurers
  8 komodo dragons
  2 red devils (Abyss:2)
  2 wind drakes (Shoals:1)
  4 trolls
  A hornet (D:11)
  4 merfolk (Shoals:1)
  A polar bear (Lair:6)
  6 slime creatures
  8 blink frogs
  3 raiju (Abyss:2)
  7 dream sheep (Lair:6)
  17 hippogriffs
  2 centaur simulacra (D:11)
  A water elemental (Shoals:1)
  A wyvern (Lair:3)
  A shadow (D:14)
  A wraith (D:15)
  55 yaks
  4 basilisks
  3 vampire mosquitoes (D:15)
  A neqoxec (Abyss:2)
  A hungry ghost (D:10)
  A large abomination (Abyss:2)
  A warg (Orc:2)
  2 acid dragons
  2 porcupines
  20 ice beasts
  10 water moccasins
  A swamp drake (Orc:1)
  3 sky beasts
  3 black bears
  33 orc warriors
  A necrophage (D:6)
  7 starcursed masses (Abyss:2)
  16 centaurs
  20 ogres
  4 phantoms
  10 wolves
  17 crocodiles
  2 wyvern zombies
  3 big kobolds
  3 gnoll sergeants
  17 bullfrogs
  4 small abominations (Abyss:2)
  A wyvern skeleton (D:8)
  2 scorpions
  16 killer bees
  5 wights (D:14)
  3 howler monkeys (D:7)
  3 bullfrog zombies
  5 crimson imps
  5 centaur zombies
  A quasit (D:13)
  12 hounds
  4 jellies
  20 orc priests
  A gnoll shaman (D:9)
  2 bullfrog skeletons
  47 orc wizards
  An iron imp (Orc:1)
  Jessica (D:2)
  10 iguanas
  9 worker ants
  3 bullfrog simulacra (D:11)
  A hound skeleton (D:7)
  A howler monkey zombie (D:7)
  A worker ant zombie (D:11)
  Robin (D:3)
  17 gnolls
  9 adders
  5 shadow imps
  A white imp (Orc:1)
  An ooze (D:6)
  2 adder zombies (D:8)
  3 adder skeletons
  4 dart slugs (D:1)
  5 leopard geckos
  105 orcs
  A ball python (D:5)
  9 giant cockroaches
  8 goblins
  10 hobgoblins
  7 jackals
  6 quokkas
  9 bats
  6 frilled lizards
  18 kobolds
  A quokka zombie (D:7)
  6 rats
  A bush (Lair:1)
  A butterfly (Lair:5)
  A plant (D:7)
873 creatures vanquished.

Vanquished Creatures (others)
  A centaur skeleton (D:13)
  3 humans (D:13)
  A crimson imp (D:13)
  2 orc wizards (Orc:2)
  2 orcs (D:13)
  5 fungi (Lair:6)
  8 plants
  2 starspawn tentacles (Abyss:2)
  2 withered plants (D:7)
26 creatures vanquished.

Grand Total: 899 creatures vanquished

Notes
Turn   | Place    | Note
-------+----------+-------------------------------------------
     0 | D:1      | BlueFish the Troll Monk began the quest for the Orb.
     0 | D:1      | Reached XP level 1. HP: 22/22 MP: 0/0
   112 | D:1      | Reached XP level 2. HP: 26/29 MP: 1/1
   372 | D:1      | Reached XP level 3. HP: 32/36 MP: 2/2
   769 | D:2      | Reached skill level 4 in Unarmed Combat
   801 | D:2      | Noticed Jessica
   809 | D:2      | Killed Jessica
   809 | D:2      | Reached XP level 4. HP: 45/45 MP: 3/3
   818 | D:2      | Found an ornate altar of the Wu Jian Council.
   862 | D:2      | Became a worshipper of the Wu Jian Council
   862 | D:2      | Reached * piety under Wu Jian
   862 | D:2      | Reached ** piety under Wu Jian
  1303 | D:3      | Noticed Robin
  1309 | D:3      | Killed Robin
  1735 | D:3      | Reached XP level 5. HP: 53/53 MP: 4/4
  2067 | D:4      | Reached skill level 5 in Unarmed Combat
  2197 | D:4      | Noticed an ogre
  2201 | D:4      | Killed an ogre
  2201 | D:4      | Reached skill level 6 in Unarmed Combat
  2201 | D:4      | Reached XP level 6. HP: 59/61 MP: 5/5
  2882 | D:5      | Entered Level 5 of the Dungeon
  2908 | D:5      | Reached *** piety under Wu Jian
  3047 | D:5      | Reached XP level 7. HP: 64/67 MP: 6/6
  3083 | D:5      | Reached skill level 7 in Unarmed Combat
  3326 | D:5      | Reached skill level 8 in Unarmed Combat
  3391 | D:5      | Reached XP level 8. HP: 71/78 MP: 7/7
  3579 | D:5      | Reached skill level 9 in Unarmed Combat
  3731 | D:6      | Got a transparent whip
  3920 | D:6      | Found a staircase to the Ecumenical Temple.
  4084 | D:6      | Found Reap's Assorted Antiques.
  4160 | D:6      | Reached skill level 10 in Unarmed Combat
  4174 | D:6      | Reached **** piety under Wu Jian
  4516 | D:6      | You fall into a shaft and drop 1 floor!
  4660 | D:7      | Reached XP level 9. HP: 85/85 MP: 8/8
  4931 | D:7      | Reached skill level 11 in Unarmed Combat
  4975 | D:7      | Reached skill level 5 in Fighting
  5190 | D:7      | Reached ***** piety under Wu Jian
  5254 | D:7      | Found a runed translucent gate.
  5254 | D:7      | Found a runed translucent gate.
  5254 | D:7      | Found a runed translucent gate.
  5256 | D:7      | Noticed Charmandara's ghost (novice OpEn)
  5256 | D:7      | Noticed jejorda2's ghost (novice TrFi)
  5256 | D:7      | Noticed wicksfield's ghost (novice TrWr)
  5256 | D:7      | Noticed CanOfBees's ghost (novice DsFE)
  5271 | D:7      | Killed Charmandara's ghost
  5271 | D:7      | Reached skill level 12 in Unarmed Combat
  5278 | D:7      | Killed CanOfBees's ghost
  5278 | D:7      | Reached XP level 10. HP: 63/96 MP: 9/9
  5280 | D:7      | Killed jejorda2's ghost
  5283 | D:7      | Killed wicksfield's ghost
  5283 | D:7      | Reached skill level 13 in Unarmed Combat
  6888 | D:9      | Reached skill level 14 in Unarmed Combat
  7694 | D:10     | Entered Level 10 of the Dungeon
  7707 | D:10     | Reached XP level 11. HP: 97/105 MP: 10/10
  7765 | D:10     | Killed an unseen horror
  7824 | D:10     | Found a staircase to the Orcish Mines.
  7979 | D:10     | Reached skill level 1 in Throwing
  7983 | D:10     | Reached skill level 5 in Dodging
  8009 | D:10     | Found Simifuawn's Jewellery Shoppe.
  8650 | D:11     | Reached skill level 15 in Unarmed Combat
  8856 | D:11     | Found a staircase to the Lair.
  8875 | D:11     | Paralysed by a hornet for 2 turns
  8901 | D:11     | Noticed a two-headed ogre
  8977 | D:11     | Found a frozen archway.
  9002 | IceCv    | Entered an ice cave
  9055 | IceCv    | Noticed a white ugly thing
  9103 | IceCv    | Killed a green ugly thing
  9307 | IceCv    | Noticed a white ugly thing
  9516 | IceCv    | Killed a white ugly thing
  9633 | IceCv    | Found the +9 scales of the Dragon King {rPois rF+ rC+ MR+}
  9640 | IceCv    | Got twisted ice dragon scales
  9651 | IceCv    | Identified the +2 ice dragon scales "Pueq" {rF- rC++ Int+4
                  | Dex+8 Slay+2} (You found it in an ice cave)
  9656 | IceCv    | Got a transparent halberd
  9840 | D:11     | Found a runed translucent gate.
  9841 | D:11     | Found a runed translucent gate.
  9842 | D:11     | Found a runed translucent gate.
  9849 | D:11     | Noticed mojowtm's ghost (journeyman CeHu)
  9924 | D:11     | Reached XP level 12. HP: 115/115 MP: 11/11
  9926 | D:11     | Found a roughly hewn altar of Beogh.
  9933 | D:11     | Noticed a two-headed ogre
  9953 | D:11     | Killed a two-headed ogre
  9953 | D:11     | Reached skill level 16 in Unarmed Combat
  9970 | D:11     | Reached ****** piety under Wu Jian
 10354 | D:11     | Noticed a two-headed ogre
 10358 | D:11     | Killed a two-headed ogre
 10358 | D:11     | Reached skill level 1 in Armour
 10644 | D:11     | Killed mojowtm's ghost
 10729 | Lair:1   | Entered Level 1 of the Lair of Beasts
 10935 | Lair:1   | Reached skill level 17 in Unarmed Combat
 10948 | Lair:1   | Got a translucent cloak
 10959 | Lair:1   | Identified the +0 cloak of Past Mistakes {rPois} (You found
                  | it on level 1 of the Lair of Beasts)
 11197 | Lair:2   | Found a hole to the Spider Nest.
 11933 | Lair:2   | Reached XP level 13. HP: 119/124 MP: 12/12
 13155 | Lair:4   | Reached skill level 18 in Unarmed Combat
 13278 | Lair:4   | Found a staircase to the Shoals.
 13644 | Lair:5   | Found a runed translucent gate.
 13644 | Lair:5   | Found a runed translucent gate.
 13644 | Lair:5   | Found a runed translucent gate.
 13644 | Lair:5   | Noticed Caylo's ghost (journeyman DDFi)
 13698 | Lair:5   | Found a viscous altar of Jiyva.
 13698 | Lair:5   | Found a staircase to the Slime Pits.
 13707 | Lair:5   | Reached skill level 5 in Throwing
 14157 | Lair:5   | Got a warped mace
 14651 | Lair:6   | Entered Level 6 of the Lair of Beasts
 14908 | Lair:6   | Reached skill level 5 in Armour
 14958 | Lair:6   | Reached XP level 14. HP: 125/135 MP: 13/13
 15055 | Lair:6   | Reached skill level 19 in Unarmed Combat
 15470 | Lair:6   | Found the ring of Phasing {EV+8}
 16031 | Orc:1    | Entered Level 1 of the Orcish Mines
 16111 | Orc:1    | Noticed Sonja
 16113 | Orc:1    | Cast into level 1 of the Abyss (Sonja)
 16137 | Abyss:1  | Got a dazzling arbalest
 16238 | Abyss:1  | Found a corrupted altar of Lugonu.
 16240 | Abyss:2  | Found a corrupted altar of Lugonu.
 16274 | Abyss:2  | Noticed a balrug
 16288 | Abyss:2  | Killed a balrug
 16304 | Abyss:2  | Noticed a starcursed mass
 16395 | Abyss:2  | Noticed a starcursed mass
 16408 | Abyss:2  | Killed a starcursed mass
 16449 | Abyss:2  | Noticed a tentacled starspawn
 16463 | Abyss:2  | Gained mutation: Your magical capacity is low. (-10% MP) [a
                  | neqoxec]
 16465 | Abyss:2  | Gained mutation: Your body sometimes deteriorates upon
                  | taking damage. [a neqoxec]
 16479 | Orc:1    | Escaped the Abyss
 16487 | Orc:1    | Killed Sonja
 16537 | Orc:1    | Reached skill level 20 in Unarmed Combat
 17041 | Orc:1    | Got a transparent robe
 17100 | Orc:2    | Entered Level 2 of the Orcish Mines
 17179 | Orc:2    | Found a staircase to the Elven Halls.
 17218 | Orc:2    | Found a bloodstained altar of Trog.
 17220 | Orc:2    | Found Volapsya's Antique Armour Shoppe.
 17243 | Orc:2    | Found Ythretiach's Armour Shoppe.
 17360 | Orc:2    | Found Mad Quno's Book Shoppe.
 17397 | Orc:2    | Found an ancient bone altar of Kikubaaqudgha.
 17397 | Orc:2    | Noticed Nergalle
 17399 | Orc:2    | Paralysed by an orc sorcerer for 4 turns
 17410 | Orc:2    | Killed Nergalle
 17429 | Orc:2    | Found Xayblef's Antique Weapon Shoppe.
 17530 | Orc:2    | Found a roughly hewn altar of Beogh.
 17532 | Orc:2    | Reached XP level 15. HP: 143/143 MP: 12/12
 17533 | Orc:2    | Found Vudingen's Antique Weapon Shoppe.
 17581 | Orc:2    | Found Quppari's Distillery.
 17615 | Orc:2    | Bought a potion of mutation for 104 gold pieces
 17615 | Orc:2    | Bought 2 potions of degeneration for 26 gold pieces
 17615 | Orc:2    | Bought a potion of haste for 130 gold pieces
 17615 | Orc:2    | Bought a potion of berserk rage for 65 gold pieces
 17639 | Orc:2    | Found a radiant altar of Vehumet.
 17711 | Orc:2    | Found Saelacino's Gadget Emporium.
 17729 | Orc:2    | Bought a wand of acid (11) for 330 gold pieces
 17729 | Orc:2    | Bought a tin of tremorstones for 165 gold pieces
 18124 | Orc:2    | Found Ilegun's Magic Scroll Shoppe.
 18132 | Orc:2    | Bought a scroll of identify for 22 gold pieces
 18132 | Orc:2    | Bought a scroll of teleportation for 33 gold pieces
 18132 | Orc:2    | Bought a scroll of magic mapping for 38 gold pieces
 18132 | Orc:2    | Bought a scroll of identify for 22 gold pieces
 18132 | Orc:2    | Bought a scroll of identify for 22 gold pieces
 19279 | D:13     | Noticed Kirke
 19289 | D:13     | Killed Kirke
 20148 | D:14     | Reached skill level 21 in Unarmed Combat
 20183 | D:14     | Found a gate to the Vaults.
 20386 | D:14     | Found a sacrificial altar of Ru.
 20421 | D:15     | Entered Level 15 of the Dungeon
 20545 | D:15     | Found a staircase to the Depths.
 21209 | D:15     | Reached XP level 16. HP: 142/154 MP: 13/13
 21484 | Shoals:1 | Entered Level 1 of the Shoals
 21604 | Shoals:1 | Got a smoking scythe
 21809 | Shoals:1 | Got a polished great sword
 22107 | Shoals:1 | Identified Roxanne's Guide on the Rocks
 22107 | Shoals:1 | Noticed Roxanne
 22113 | Shoals:1 | Noticed Nikola
 22125 | Shoals:1 | Killed Roxanne
 22125 | Shoals:1 | Reached skill level 22 in Unarmed Combat
 22128 | Shoals:1 | HP: 1/156 [Nikola/chain lightning (23)]
 22172 | Shoals:1 | HP: 3/156 [Nikola/chain lightning (44)]
 22172 | Shoals:1 | Killed from afar by Nikola

Levels and vault maps discovered:
D:1:      dpeg_arrival_prison, layout_basic, minmay_3d_cube
D:2:      layout_basic, nicolae_overflow_crystal_walls, uniq_jessica
D:3:      layout_loops_ring, first_ration, uniq_robin
D:4:      layout_basic
D:5:      layout_loops_ring
D:6:      layout_basic, minmay_temple_entry_wispy, serial_shops, shop
D:7:      kennysheep_housing_project, layout_basic, gammafunk_ghost_cemetery
D:8:      layout_basic, chequers_serial_rivers_large_a
D:9:      layout_cave_pods
D:10:     layout_basic, orc_0_dummy, serial_shops, shop
D:11:     layout_roguey [special_room_orc], lair_entry_dummy,
          portal_ice_cave_entry_ice_beasts, gammafunk_ghost_necromancy
D:12:     layout_roguey, grunt_tengu_nest, minivault_19
D:13:     layout_basic, minivault_16, uniq_kirke
D:14:     layout_loops_cross, david_vaults_2, nicolae_ru_the_path_less_chosen,
          hangedman_abyss_or_decor_slice, kb_rosetta
D:15:     grunt_enter_depths_magical_seal, layout_grid_maze, chequers_garden
Lair:1:   layout_big_grid, serial_bayou_pond_c, nicolae_quartered_pool_medium,
          minmay_lair_oklob_items
Lair:2:   layout_layer_cave, spider_nest_entry_web_field
Lair:3:   layout_regular_city, guppyfry_lair_drakes
Lair:4:   layout_hall_layers, minmay_shoals_entry_centaurs,
          infiniplex_staircase_pool
Lair:5:   wad_woods_structure_01, layout_regular_city, slime_altar_1,
          gammafunk_ghost_hydra_chop, beast_lair_carwin_7, lemuel_fruit_fields
Lair:6:   evilmike_catoblepas_cave, layout_loops_ring, serial_bayou_shore_b,
          grunt_megastairs_1
Shoals:1: layout_shoals, uniq_roxanne, uniq_nikola
Orc:1:    layout_caves, hangedman_minor_magic, uniq_sonja
Orc:2:    kennysheep_orc_mage_school, layout_diamond_mine, basic_altar,
          serial_shops, nicolae_shop_competitors_out_of_business, shop_coins,
          shop, nicolae_shop_behind_doors

Skill      XL: |  1  2  3  4  5  6  7  8  9 10 11 12 13 14 15 16 |
---------------+-------------------------------------------------+-----
Unarmed Combat | 4 6 8 10 12 14 15 17 18 20 21 22 | 22.0
Fighting       | 3 4 5 6 7 8 9 |  9.0
Dodging        | 3 4 5 |  5.4
Stealth        | 2 |  2.4
Throwing       | 3 4 5 6 8 |  8.4
Armour         | 2 5 6 7 |  7.5

Action                   |  1- 3 |  4- 6 |  7- 9 | 10-12 | 13-15 | 16-18 || total
-------------------------+-------+-------+-------+-------+-------+-------++-------
Melee: Unarmed           |    71 |   144 |   339 |   770 |  1409 |   152 ||  2885
       Punch             |       |     4 |    10 |    44 |    77 |     9 ||   144
Throw: Large rock        |       |       |       |       |    33 |       ||    33
       Boomerang         |       |       |       |       |    79 |       ||    79
Invok: Lunge             |       |    15 |    23 |    56 |   144 |    16 ||   254
       Whirlwind         |       |     9 |    80 |   124 |   349 |    14 ||   576
       Serpent's Lash    |       |       |       |     4 |       |       ||     4
 Abil: Wall Jump         |       |       |     1 |     3 |     1 |       ||     5
Evoke: Wand              |       |       |       |     2 |       |       ||     2
  Use: Scroll            |     2 |     6 |     3 |     7 |    13 |     3 ||    34
       Potion            |       |     1 |     3 |     4 |       |     1 ||     9
 Stab: Sleeping          |     1 |     2 |       |     4 |       |       ||     7
  Eat: Chunk             |    13 |    20 |    21 |    66 |    86 |     9 ||   215
Armor: Robe              |    26 |    42 |    78 |    50 |       |       ||   196
       Gold dragon scale |       |       |       |   116 |   568 |    67 ||   751
Dodge: Dodged            |    37 |    50 |   143 |   277 |   307 |    54 ||   868
Block: Other             |       |     6 |    26 |    53 |    79 |     7 ||   171
       Reflection        |       |       |     2 |     4 |     5 |     2 ||    13

Table legend:
 A = Non-vault XP
 B = Vault XP
 C = Vault XP percentage of total XP
 D = Non-vault monster count
 E = Vault monster count
 F = Vault count percentage of total count
                 A         B        C        D         E       F
            +---------+---------+-------+---------+---------+-------
      Total |  119647 |   51564 |  30.1 |     657 |     213 |  24.5
            +---------+---------+-------+---------+---------+-------
        D:1 |      45 |       2 |   4.3 |      22 |       1 |   4.3
        D:2 |      37 |      37 |  50.0 |      14 |       1 |   6.7
        D:3 |      50 |      27 |  35.1 |      15 |       7 |  31.8
        D:4 |     454 |       0 |   0.0 |      15 |       0 |   0.0
        D:5 |    1111 |       0 |   0.0 |      31 |       0 |   0.0
        D:6 |     682 |       0 |   0.0 |      17 |       0 |   0.0
        D:7 |    1137 |    4015 |  77.9 |      22 |      34 |  60.7
        D:8 |    1150 |       0 |   0.0 |      19 |       0 |   0.0
        D:9 |    2081 |       0 |   0.0 |      31 |       0 |   0.0
       D:10 |    3697 |       0 |   0.0 |      28 |       0 |   0.0
       D:11 |    8119 |    3865 |  32.3 |      60 |      39 |  39.4
       D:12 |    6443 |     339 |   5.0 |      35 |       1 |   2.8
       D:13 |    6876 |    2712 |  28.3 |      26 |       2 |   7.1
       D:14 |    9919 |    4864 |  32.9 |      33 |       7 |  17.5
       D:15 |   12559 |    3742 |  23.0 |      29 |       8 |  21.6
     Lair:1 |    2183 |     557 |  20.3 |      10 |       1 |   9.1
     Lair:2 |    5649 |       0 |   0.0 |      21 |       0 |   0.0
     Lair:3 |    1051 |     212 |  16.8 |       6 |       2 |  25.0
     Lair:4 |   10122 |     455 |   4.3 |      30 |       4 |  11.8
     Lair:5 |    3314 |    3571 |  51.9 |      11 |      17 |  60.7
     Lair:6 |   10967 |   11972 |  52.2 |      34 |      27 |  44.3
   Shoals:1 |   15408 |    1915 |  11.1 |      31 |       1 |   3.1
      Orc:1 |    4950 |    2301 |  31.7 |      63 |      18 |  22.2
      Orc:2 |    3030 |    7789 |  72.0 |      31 |      32 |  50.8
    Abyss:1 |     791 |       0 |   0.0 |       1 |       0 |   0.0
    Abyss:2 |    7822 |       0 |   0.0 |      22 |       0 |   0.0
      IceCv |       0 |    3189 | 100.0 |       0 |      11 | 100.0
            +---------+---------+-------+---------+---------+-------
